 Dungeon Crawl Stone Soup version 0.28-a0-43-g560ac104fe (webtiles) character file.

Game seed: 10779062089661730798

13720 Demosthentine the Spear-Bearer (level 12, -1/98 HPs)
             Began as a Merfolk Gladiator on July 28, 2021.
             Was a Priest of the Shining One.
             Slain by an azure jelly (shapeshifter) (36 damage)
             ... on level 11 of the Dungeon.
             The game lasted 00:10:48 (14956 turns).

Demosthentine the Spear-Bearer (Merfolk Gladiator) Turns: 14956, Time: 00:10:49

Health: -1/98      AC:  6    Str: 16    XL:     12   Next: 9%
Magic:  16/16      EV: 19    Int:  8    God:    the Shining One [***...]
Gold:   662        SH:  5    Dex: 18    Spells: 11/11 levels left

rFire   . . .      SeeInvis .   a - +0 trident (vorpal)
rCold   . . .      Faith    .   k - +0 buckler
rNeg    + . .      Spirit   .   b - +0 leather armour
rPois   .          Reflect  .   c - +1 helmet
rElec   .          Harm     .   (no cloak)
rCorr   .          Rampage  .   (no gloves)
Will    +....                   (no boots)
Stlth   +.........              (no amulet)
HPRegen 0.26/turn               r - ring of willpower
MPRegen 0.15/turn               p - +4 ring of slaying

@: glowing
A: (nimble swimmer 2), mertail
a: Renounce Religion, Divine Shield


You were on level 11 of the Dungeon.
You worshipped the Shining One.
The Shining One was most pleased with you.
You visited 2 branches of the dungeon, and saw 12 of its levels.

You collected 766 gold pieces.
You spent 104 gold pieces at shops.

Inventory:

Hand Weapons
 a - a +0 vorpal trident (weapon)
 f - a +5 demon trident of electrocution
Armour
 b - a +0 leather armour (worn)
 c - a +1 helmet (worn)
 k - a +0 buckler (worn)
Jewellery
 d - a ring of willpower
 p - a +4 ring of slaying (right hand)
 r - a ring of willpower (left hand)
 t - a ring of poison resistance
 x - an amulet of guardian spirit
Wands
 i - a wand of acid (5)
 o - a wand of flame (43)
 s - a wand of polymorph (9)
 v - a wand of charming (9)
 C - a wand of mindburst (9)
Scrolls
 e - 4 scrolls of amnesia
 g - 2 scrolls of teleportation
 j - a scroll of summoning
 w - a scroll of enchant armour
 y - 4 scrolls of identify
Potions
 h - 2 potions of brilliance
 l - 9 potions of curing
 m - 2 potions of attraction
 n - 2 potions of lignification
 q - 2 potions of flight
 u - 2 potions of cancellation
 z - 2 potions of ambrosia
 A - a potion of haste {unknown}
 B - a potion of magic {unknown}
 D - 2 potions of heal wounds


   Skills:
 + Level 10.5 Fighting
 + Level 13.5 Polearms
 - Level 2.0 Throwing
 - Level 5.6 Armour
 + Level 12.5 Dodging
 - Level 4.0 Shields
 + Level 5.9 Invocations


You had 11 spell levels left.
You didn't know any spells.
Your spell library contained the following spells:

 Spells                   Type           Power      Damage    Failure   Level
 Ozocubu's Armour         Ice            0%         N/A       83%         3
 Cause Fear               Hex            0%         N/A       99%         4
 Summon Ice Beast         Ice/Summ       0%         N/A       99%         4
 Metabolic Englaciation   Hex/Ice        0%         N/A       100%        5
 Summon Mana Viper        Hex/Summ       0%         N/A       100%        5
 Simulacrum               Ice/Necr       0%         N/A       100%        6
 Dragon Form              Tmut           0%         N/A       100%        7
 Monstrous Menagerie      Summ           0%         N/A       100%        7
 Dragon's Call            Summ           0%         N/A       100%        9


Dungeon Overview and Level Annotations

Branches:
Dungeon (11/15)            Temple (1/1) D:4            Lair (0/6) D:9
    Orc (0/2) D:9

Altars:
Dithmenos
Gozag
Kikubaaqudgha
Makhleb
Qazlal
Trog
Uskayaw
Vehumet
The Shining One
Beogh

Shops:
D:5 (   D:7 *   D:9 (


Innate Abilities, Weirdness & Mutations

((You are quick and stealthy near water. (Stealth+, EV+, Speed+++)))
Your lower body shifts to a powerful aquatic tail in water.


Message History

The wyvern is moderately wounded.
The wyvern bites you!
A wyvern is nearby!
You hit the wyvern.
The wyvern is heavily wounded.
The wyvern misses you.
You puncture the wyvern!
The wyvern is almost dead.
The wyvern misses you.
Unknown command.
You puncture the wyvern!
You kill the wyvern!
No target in view!
No target in view!
No target in view!
A sphinx comes into view.
The sphinx changes into an azure jelly!
An azure jelly is nearby!
An azure jelly is nearby!
An azure jelly is nearby!
You reach to attack!
You hit the azure jelly but do no damage.
You puncture the azure jelly!
The azure jelly is lightly wounded.
An azure jelly is nearby!
You barely miss the azure jelly.
The azure jelly is lightly wounded.
The azure jelly completely misses you. The azure jelly hits you.
The azure jelly freezes you!! The azure jelly closely misses you.
The azure jelly hits you but does no damage.
Unknown command.
You puncture the azure jelly!
The azure jelly is moderately wounded.
The azure jelly misses you.
The azure jelly hits you but does no damage.
The azure jelly closely misses you. The azure jelly hits you!
You hit the azure jelly.
The azure jelly is moderately wounded.
The azure jelly hits you. The azure jelly freezes you!!!
You die...

.... #.............
..... #.............
..... #.............
.....#####.............
........#####.........
...!............#.....
#######...........#.....
#.................#.....
#......@......#...#.....
#.....J......[#.........
#.....#...#####.........
#.....#...#.............
#.... #...#...##########
#.... #...#.......#.....
#... #...#####...#.....
#.....#...#.......#.....
#.....#...........#.....


You could see an azure jelly shaped shifter.

Vanquished Creatures
  Josephine (D:10)
  A hydra (D:11)
  Erica (D:10)
  3 two-headed ogres
  Urug (D:11)
  Nergalle (D:10)
  An ugly thing (D:11)
  A centaur zombie (D:11)
  2 unseen horrors (D:11)
  A yaktaur (shapeshifter) (D:9)
  A hornet (D:10)
  A shadow (D:10)
  A wyvern (D:11)
  A vampire (D:11)
  A basilisk (D:11)
  5 wraiths
  5 yaks
  Menkaure (D:5)
  A steam dragon (D:9)
  2 water moccasins
  4 orc warriors
  2 ice beasts (D:4)
  3 black bears
  3 necrophages
  2 sky beasts
  3 centaurs
  A phantom (D:6)
  4 kobold brigands
  A wyvern zombie (D:6)
  4 bullfrogs
  A gnoll sergeant (D:9)
  5 scorpions
  A water moccasin skeleton (D:5)
  A water moccasin zombie (D:6)
  6 killer bees
  7 wights
  A howler monkey (D:8)
  A crimson imp (D:5)
  3 hounds
  5 jellies
  4 orc priests
  A centaur skeleton (D:6)
  Terence (D:3)
  5 iguanas
  14 orc wizards
  A hound skeleton (D:4)
  2 howler monkey zombies
  5 gnolls (D:9)
  A howler monkey skeleton (D:6)
  6 adders
  A white imp (D:5)
  2 worms
  5 dart slugs
  43 orcs
  8 ball pythons
  3 endoplasms
  8 giant cockroaches
  3 goblins
  9 hobgoblins
  13 jackals
  18 kobolds
  2 quokkas (D:1)
  15 bats
  A frilled lizard (D:2)
261 creatures vanquished.

Vanquished Creatures (others)
  6 fungi
  15 plants
21 creatures vanquished.

Grand Total: 282 creatures vanquished

Notes
Turn   | Place    | Note
-------+----------+-------------------------------------------
     0 | D:1      | Demosthentine the Merfolk Gladiator began the quest for the
                  | Orb.
     0 | D:1      | Reached XP level 1. HP: 16/16 MP: 1/1
   333 | D:1      | Reached XP level 2. HP: 23/23 MP: 2/2
   448 | D:1      | Reached XP level 3. HP: 28/28 MP: 3/3
   961 | D:2      | Reached skill level 5 in Polearms
  1369 | D:2      | Reached skill level 1 in Armour
  1522 | D:2      | Identified a scroll of acquirement
  1522 | D:2      | Acquired a +5 demon trident of electrocution
  1871 | D:3      | Reached XP level 4. HP: 22/35 MP: 4/4
  2081 | D:3      | Noticed Terence
  2086 | D:3      | Killed Terence
  2174 | D:3      | Reached skill level 5 in Dodging
  2180 | D:3      | Reached XP level 5. HP: 32/41 MP: 5/5
  2192 | D:3      | Reached skill level 6 in Polearms
  2371 | D:3      | You fall into a shaft and drop 1 floor!
  2386 | D:4      | Reached XP level 6. HP: 29/48 MP: 6/6
  2905 | D:4      | Found a staircase to the Ecumenical Temple.
  2940 | Temple   | Entered the Ecumenical Temple
  2945 | Temple   | Became a worshipper of the Shining One
  3130 | D:4      | Noticed an ice beast
  3148 | D:4      | Killed an ice beast
  3149 | D:4      | Reached skill level 1 in Shields
  3149 | D:4      | Reached XP level 7. HP: 28/55 MP: 7/7
  3511 | D:5      | Entered Level 5 of the Dungeon
  3607 | D:5      | Noticed Menkaure
  3635 | D:4      | Reached skill level 7 in Polearms
  4297 | D:5      | Reached skill level 5 in Fighting
  4297 | D:5      | Reached XP level 8. HP: 30/62 MP: 8/8
  4736 | D:5      | Killed Menkaure
  4737 | D:5      | Reached skill level 8 in Polearms
  4938 | D:5      | Found Tebocek's Weapon Shoppe.
  5097 | D:6      | Reached * piety under the Shining One
  5895 | D:6      | Reached XP level 9. HP: 38/69 MP: 9/9
  6670 | D:6      | Reached skill level 9 in Polearms
  7175 | D:7      | Found Ihifubel's General Store.
  7178 | D:7      | Bought a potion of curing for 39 gold pieces
  7178 | D:7      | Bought a potion of heal wounds for 65 gold pieces
  7580 | D:7      | Noticed a two-headed ogre
  7590 | D:7      | Killed a two-headed ogre
  8107 | D:7      | Reached skill level 10 in Polearms
  8809 | D:7      | Reached XP level 10. HP: 59/79 MP: 10/10
  8985 | D:8      | Reached ** piety under the Shining One
  9034 | D:8      | Reached skill level 5 in Armour
  9181 | D:8      | Found a radiant altar of Vehumet.
  9525 | D:8      | Identified the +4 hand axe of Ashenzari's Delight {venom,
                  | rF++ rCorr Dex-3 SInv}
  9964 | D:9      | Reached skill level 10 in Dodging
 10014 | D:9      | Reached skill level 11 in Polearms
 10071 | D:9      | Found Qoseish's Weapon Shop.
 10395 | D:9      | Found a staircase to the Orcish Mines.
 10675 | D:9      | Found a staircase to the Lair.
 10877 | D:10     | Entered Level 10 of the Dungeon
 11140 | D:10     | Reached skill level 1 in Invocations
 11150 | D:10     | Noticed Erica
 11158 | D:10     | Killed Erica
 11159 | D:10     | Reached XP level 11. HP: 76/89 MP: 10/12
 11244 | D:10     | Noticed Nergalle
 11666 | D:10     | Reached skill level 12 in Polearms
 11718 | D:10     | Noticed a two-headed ogre
 11729 | D:10     | Killed a two-headed ogre
 12211 | D:10     | Noticed Josephine
 12211 | D:10     | Reached *** piety under the Shining One
 12251 | D:10     | Killed Josephine
 12681 | D:10     | Noticed a two-headed ogre
 12691 | D:10     | Killed a two-headed ogre
 12736 | D:10     | Killed Nergalle
 13400 | D:11     | Reached skill level 10 in Fighting
 13400 | D:11     | Reached skill level 13 in Polearms
 13515 | D:11     | Reached skill level 5 in Invocations
 13777 | D:11     | Noticed a six-headed hydra
 13786 | D:11     | Killed a six-headed hydra
 13960 | D:11     | Noticed Urug
 13979 | D:11     | Killed Urug
 13980 | D:11     | Reached XP level 12. HP: 14/98 MP: 16/16
 14948 | D:11     | Noticed a sphinx
 14949 | D:11     | Noticed an azure jelly
 14949 | D:11     | a sphinx changed into an azure jelly
 14956 | D:11     | Slain by an azure jelly (shapeshifter)

Illustrated notes

Levels and vault maps discovered:
D:1:      minmay_arrival_four_circles, layout_loops_ring,
          kennysheep_minor_cross, serial_bayou_lake_a
D:2:      layout_rooms
D:3:      layout_loops_cross, uniq_terence
D:4:      layout_cave_pools, minmay_temple_entry_steel_oval, minmay_box_of_dots
D:5:      layout_basic, serial_shops, shop, minmay_fire_ice_demons,
          uniq_menkaure
D:6:      old_forge, layout_loops_ring
D:7:      layout_loops_corners, serial_shops, nicolae_shop_behind_doors,
          minmay_crystal_room
D:8:      layout_rooms, nicolae_vehumet_radiance
D:9:      layout_roguey, grunt_lair_entry_orc_guard_hut,
          minmay_orc_entry_temple_small, serial_shops, shop
D:10:     layout_roguey, uniq_erica, uniq_nergalle, uniq_josephine
D:11:     layout_grid_maze, grunt_decor_arrowhead, minmay_statues_item,
          blue_anna_alchemist, uniq_urug
Temple:   grunt_wide_crystal_templ

Skill      XL: |  1  2  3  4  5  6  7  8  9 10 11 |
---------------+----------------------------------+-----
Polearms       | 5 6 7 8 10 11 13 | 13.5
Armour         | 1 2 3 4 5 |  5.6
Fighting       | 3 4 5 7 9 10 | 10.5
Dodging        | 5 6 7 9 11 12 | 12.5
Shields        | 1 2 3 4 |  4.0
Invocations    | 2 5 |  5.9
Throwing       | |  2.0

Action                   |  1- 3 |  4- 6 |  7- 9 | 10-12 || total
-------------------------+-------+-------+-------+-------++-------
Melee: Trident           |    95 |    38 |   377 |   595 ||  1105
       Tailslap          |     6 |       |     2 |       ||     8
       Demon trident     |    12 |    78 |       |       ||    90
Throw: Throwing net      |       |     1 |     4 |       ||     5
Invok: Divine Shield     |       |       |       |     1 ||     1
  Use: Scroll            |     5 |     2 |     6 |     8 ||    21
       Potion            |       |       |     3 |     3 ||     6
 Stab: Sleeping          |     2 |     2 |       |       ||     4
Armor: Leather armour    |    27 |    22 |    67 |    47 ||   163
       Skin              |       |       |       |    24 ||    24
Dodge: Dodged            |    79 |    63 |   200 |   249 ||   591
Block: Buckler           |       |       |    14 |   105 ||   119

Table legend: (Time is in decaauts)
 A = Elapsed time spent in this place.
 B = Non-inter-level travel time spent in this place.
 C = Inter-level travel time spent in this place.
 D = Time resting spent in this place.
 E = Time spent auto-exploring this place.
 F = Levels seen in this place.
 G = Mean time per level.
                   A        B        C        D        E       F      G
               +--------+--------+--------+--------+--------+-----+--------+
         Total |  14755 |  14445 |    310 |   1149 |  11455 |  12 | 1229.6 |
       Dungeon |  14744 |  14434 |    310 |   1149 |  11455 |  11 | 1340.4 |
        Temple |     11 |     11 |      0 |      0 |      0 |   1 |   11.0 |
               +--------+--------+--------+--------+--------+-----+--------+

Top non-repeatable levels by time:
    D:10: 2330 daAuts
     D:7: 1839 daAuts
     D:6: 1810 daAuts
    D:11: 1672 daAuts
     D:5: 1563 daAuts
     D:3: 1209 daAuts
     D:9: 1154 daAuts
     D:4: 949 daAuts
     D:1: 830 daAuts
     D:8: 694 daAuts
     D:2: 691 daAuts
  Temple: 11 daAuts
